 Dungeon Crawl Stone Soup version 0.18-a0-1782-gb76a692 (webtiles) character file.

692 Duffy the Digger (level 7, 0/46 HPs)
             Began as a Formicid Earth Elementalist on Apr 17, 2016.
             Slain by an orc
             ... wielding a +0 club
              (2 damage)
             ... on level 5 of the Dungeon.
             The game lasted 00:07:14 (5339 turns).

Duffy the Digger (Formicid Earth Elementalist)      Turns: 5339, Time: 00:07:15

Health: 0/46       AC:  3    Str: 13    XL:     7   Next: 95%
Magic:  4/15       EV: 12    Int: 15    God:
Gold:   186        SH:  0    Dex: 12    Spells: 4 memorised, 6 levels left

rFire  . . .     SeeInvis +     (no weapon)
rCold  . . .     Gourm    .     a - +0 robe
rNeg   . . .     Faith    .     (no shield)
rPois  .         Spirit   .     (helmet unavailable)
rElec  .         Dismiss  .     (no cloak)
rCorr  .         Reflect  .     q - +0 pair of gloves
SustAt .         Harm     .     (no boots)
MR     .....                    (no amulet)
Stlth  ++........               (no ring)
                                (no ring)

@: not resistant to hostile enchantments, unstealthy
A: permanent stasis, dig shafts and tunnels, four strong arms, antennae 3
a: Dig, Shaft Self


You were on level 5 of the Dungeon.
You were not hungry.

You visited 1 branch of the dungeon, and saw 5 of its levels.

You collected 186 gold pieces.


Innate Abilities, Weirdness & Mutations

You are under a permanent stasis effect.
You can dig through walls and to a lower floor.
Your four strong arms can wield two-handed weapons with a shield.
You have a pair of large antennae on your head (SInv).


   Skills:
 - Level 1.7 Dodging
 - Level 2.4 Stealth
 - Level 5.5 Spellcasting
 + Level 2.1 Conjurations
 - Level 1.1 Transmutations
 + Level 7.7 Earth Magic


You had 6 spell levels left.
You knew the following spells:

 Your Spells              Type           Power        Failure   Level  Hunger
a - Sandblast             Erth           ####..       1%          1    None
c - Stone Arrow           Conj/Erth      ###...       10%         3    ###....
l - Lee's Rapid Deconstr  Erth           ####......   21%         5    ######.
P - Passwall              Trmt/Erth      ###.......   4%          2    #......

Inventory:

Missiles
 b - 30 stones (quivered)
 u - 8 poisoned needles
Armour
 a - a +0 robe (worn)
 q - a +0 pair of gloves (worn)
Wands
 w - a wand of lightning (5/15)
Scrolls
 g - a scroll of fog {unknown}
 h - 2 scrolls of noise {unknown}
 j - 2 scrolls of identify {unknown}
 k - a scroll of enchant armour {unknown}
 m - a scroll of recharging {unknown}
 n - a scroll of immolation {unknown}
 r - a scroll of enchant weapon {unknown}
 s - a scroll of magic mapping {unknown}
 v - a scroll of random uselessness {unknown}
 x - a scroll of fear {unknown}
 y - a scroll of remove curse {unknown}
Potions
 e - a potion of degeneration {unknown}
 i - a potion of ambrosia {unknown}
 l - a potion of magic {unknown}
 p - a potion of experience {unknown}
 t - a potion of curing {unknown}
Books
 c - a book of Geomancy
Comestibles
 d - 3 bread rations
 f - a fruit
 o - 2 beef jerkies
 z - 3 chunks of flesh

Dungeon Overview and Level Annotations

Branches:
Dungeon (5/15)
 Temple: D:4-7

Altars:
Kikubaaqudgha
Nemelex Xobeh
Ru
Xom

Annotations:
D:2 Ijyb


Message History

You barely miss the orc.
The orc is moderately wounded.
The orc barely misses you. The orc closely misses you.
The orc hits you with a whip.
You hit the orc but do no damage.
The orc is moderately wounded.
The orc closely misses you. x2; The orc hits you with a whip.
You hit the orc but do no damage.
The orc is moderately wounded.
The orc closely misses you. The orc hits you but does no damage.
The orc closely misses you.
You barely miss the orc.
The orc is lightly wounded.
The orc closely misses you. The orc hits you with a club.
The orc hits you but does no damage.
You closely miss the orc.
The orc is lightly wounded.
The orc hits you but does no damage. The orc hits you with a whip.
The orc barely misses you.
You hit the orc but do no damage.
The orc is lightly wounded.
You hear the slow rusting of a very distant drain.
The orc misses you. The orc hits you with a whip. The orc hits you with a club.
You closely miss the orc.
The orc is lightly wounded.
The orc barely misses you. The orc hits you with a whip.
The orc closely misses you.
You hit the orc but do no damage.
The orc is lightly wounded.
The orc hits you but does no damage. The orc hits you with a whip.
The orc hits you but does no damage.
You hit the orc but do no damage.
The orc is lightly wounded.
The orc misses you. The orc closely misses you. The orc hits you with a club.
You die...

#. #.# ... #.
#.# ..##
#.###.. ...
#.....# ..#
#...#.# ..#
#..#.# ..#
#..#.##..#####
#..)o.........
#><.@##.......
#..oo# #.#####
#....# ...
#..).# ###
#...[# #......
###.###.. #.#
... #.# .#


You could see 3 orcs.

Action                   |  1- 3 |  4- 6 |  7- 9 || total
-------------------------+-------+-------+-------++-------
Melee: Unarmed           |       |       |    23 ||    23
Throw: Javelin           |    43 |       |       ||    43
       Stone             |     4 |       |       ||     4
 Cast: Sandblast         |    92 |    59 |    38 ||   189
       Stone Arrow       |       |     1 |    12 ||    13
 Abil: Dig               |       |       |     1 ||     1
  Eat: Chunk             |     5 |     4 |     3 ||    12
       Fruit             |     2 |       |     2 ||     4
Armor: Robe              |    12 |    10 |    11 ||    33
Dodge: Dodged            |    55 |    26 |    42 ||   123

Notes
Turn   | Place    | Note
--------------------------------------------------------------
     0 | D:1      | Duffy the Formicid Earth Elementalist began the quest for the Orb.
     0 | D:1      | Reached XP level 1. HP: 13/13 MP: 3/3
   401 | D:1      | Reached XP level 2. HP: 19/19 MP: 1/5
   405 | D:1      | Learned a level 2 spell: Passwall
   632 | D:1      | Reached skill level 4 in Earth Magic
   901 | D:1      | Reached XP level 3. HP: 24/24 MP: 2/7
   956 | D:1      | Reached skill level 3 in Spellcasting
  1425 | D:1      | Learned a level 3 spell: Stone Arrow
  2119 | D:2      | Noticed Ijyb
  2297 | D:3      | Found an ancient bone altar of Kikubaaqudgha.
  2756 | D:3      | Noticed an ice beast
  2764 | D:3      | Reached XP level 4. HP: 20/30 MP: 2/9
  2974 | D:3      | Killed an ice beast
  2974 | D:3      | Reached skill level 4 in Spellcasting
  2974 | D:3      | Reached skill level 5 in Earth Magic
  2974 | D:3      | Reached XP level 5. HP: 16/35 MP: 0/11
  3152 | D:3      | Learned a level 5 spell: Lee's Rapid Deconstruction
  3784 | D:3      | Reached XP level 6. HP: 20/41 MP: 0/12
  4107 | D:4      | Noticed an ogre
  4113 | D:4      | Killed an ogre
  4113 | D:4      | Reached skill level 6 in Earth Magic
  4168 | D:4      | Found a shimmering altar of Xom.
  4171 | D:4      | Reached skill level 5 in Spellcasting
  4209 | D:4      | Found a sacrificial altar of Ru.
  4263 | D:4      | Noticed an ogre
  4269 | D:4      | Killed an ogre
  4269 | D:4      | Reached XP level 7. HP: 46/46 MP: 9/15
  4338 | D:4      | Found a sparkling altar of Nemelex Xobeh.
  4341 | D:4      | Reached skill level 7 in Earth Magic
  4433 | D:4      | Reached skill level 1 in Conjurations
  5197 | D:5      | Entered Level 5 of the Dungeon
  5210 | D:4      | Reached skill level 2 in Conjurations
  5339 | D:5      | Slain by an orc

Vault maps used:
D:1:      lightli_arrival_quake, kennysheep_minor_cross, roderic_lattice_a,
          minmay_lizard_king
D:2:      gammafunk_temple_overflow_statue, minivault_26,
          minmay_misc_feat_four_crosses, minmay_ruptured, uniq_iyjb
D:3:      old_standard_altar
D:4:      nicolae_overflow_crystal_walls, lemuel_crystal_altar,
          nemelex_xobeh_ov_fountains_minmay
D:5:      kennysheep_steamy, minmay_temple_entry_statues_fountains, first_bread,
          portal_sewer_entry_e, minmay_misc_feat_iff

Vanquished Creatures
  An ice beast
  2 ogres
  2 scorpions
  A centaur skeleton
  2 orc wizards
  A centaur zombie
  An iguana
  2 worker ants
  4 gnolls
  4 adders
  A worm
  2 dart slugs
  2 giant geckos
  3 orcs
  5 bats
  5 giant cockroaches
  3 goblins
  6 hobgoblins
  2 jackals
  6 kobolds
  A quokka
  2 ball pythons
  12 giant newts
  5 rats
75 creatures vanquished.
